 Dungeon Crawl Stone Soup version 0.32-a0-612-g1c984fe9d1 (webtiles) character file.

Game seed: 12288077257595478264

1720585 Drazool the Conqueror (level 26, 242/242 HPs)
             Began as a Coglin Hunter on Mar 3, 2024.
             Was an Initiate of Gozag.
             Escaped with the Orb
             ... and 3 runes on Mar 4, 2024!
             The game lasted 03:34:41 (62728 turns).

Drazool the Conqueror (Coglin Hunter)              Turns: 62728, Time: 03:34:41

Health: 242/242    AC: 19    Str:  9    XL:     26   Next: 73%
Magic:  11/11      EV: 44    Int: 13    God:    Gozag
Gold:   886        SH:  0    Dex: 33    Spells: 41/41 levels left

rFire   + . .        d - +9 hand cannon (heavy) {Li}
rCold   . . .        v - +5 hand cannon of the Enfolding Gods {antimagic, ^Drain Fly rPois rN+}
rNeg    + . .        J - +1 leather armour of the Thoughtful Friars {Str-3 Dex+8}
rPois   +            L - +3 crown of Dyrovepreva {rElec Int+2 SInv}
rElec   +            A - +2 cloak {Will+}
rCorr   .            O - +2 pair of gloves {Stlth+}
SInv    +            p - +2 pair of boots {Stlth+}
Will    +++..        (amulet unavailable)
Stlth   ++           (ring unavailable)
HPRegen 0.60/turn    (ring unavailable)
MPRegen 0.12/turn    U - gyrobismuth booster {AutoDazzle, rF+ Will+}

%: no passive effects
@: gold aura, flying, studying Air Magic
A: off-hand wielding, slow wielding, warmup strikes, no jewellery, clumsy 1
0: Orb of Zot
}: 3/15 runes: serpentine, barnacled, silver
a: Renounce Religion, Potion Petition, Call Merchant, Bribe Branch


You escaped.
You worshipped Gozag.
Gozag was pleased with you.
You visited 9 branches of the dungeon, and saw 46 of its levels.
You visited the Abyss 1 time.
You visited 1 bazaar.
You also visited: Trove, Sewer and Ice Cave.

You collected 29003 gold pieces.
You spent 1981 gold pieces at shops.
You paid 26136 gold pieces to Gozag.


Innate Abilities, Weirdness & Mutations

You can wield a second weapon in your off-hand.
It takes a long time for you to wield or remove held weapons.
Your first few attacks do less damage.
You cannot equip rings or amulets.
You are clumsy. (Dex -2)


   Skills:
 O Level 27 Fighting
 - Level 18.0 Ranged Weapons
 + Level 14.0 Armour
 O Level 27 Dodging
 - Level 3.0 Stealth
 - Level 8.0 Spellcasting
 - Level 14.0 Evocations


You had 41 spell levels left.
You didn't know any spells.
Your spell library contained the following spells:

 Spells                   Type           Power      Damage    Failure   Level
 Apportation              Tloc           10%        N/A       17%         1
 Foxfire                  Conj/Fire      20%        2x1d5     17%         1
 Kiss of Death            Conj/Necr      20%        2d7       17%         1
 Magic Dart               Conj           20%        1d4       17%         1
 Necrotise                Necr           20%        1d5       17%         1
 Sandblast                Erth           10%        2d5       17%         1
 Slow                     Hex            20%        N/A       17%         1
 Sting                    Conj/Alch      20%        1d4       17%         1
 Summon Small Mammal      Summ           20%        N/A       17%         1
 Blink                    Tloc           10%        N/A       26%         2
 Call Imp                 Summ           10%        N/A       26%         2
 Cigotuvi's Dreadful Rot  Necr/Alch/Air  10%        N/A       26%         2
 Ensorcelled Hibernation  Hex/Ice        10%        N/A       26%         2
 Jinxbite                 Hex            10%        N/A       26%         2
 Lesser Beckoning         Tloc           10%        N/A       26%         2
 Mercury Vapours          Alch/Air       10%        N/A       26%         2
 Momentum Strike          Conj/Tloc      10%        3d8       26%         2
 Searing Ray              Conj           10%        2d4       26%         2
 Sublimation of Blood     Necr           5%         N/A       26%         2
 Call Canine Familiar     Summ           5%         N/A       45%         3
 Confusing Touch          Hex            5%         N/A       45%         3
 Fugue of the Fallen      Necr           5%         N/A       45%         3
 Gell's Gravitas          Tloc           5%         N/A       45%         3
 Inner Flame              Hex/Fire       5%         N/A       45%         3
 Mephitic Cloud           Conj/Alch/Air  5%         N/A       45%         3
 Ozocubu's Armour         Ice            5%         N/A       45%         3
 Passwall                 Erth           5%         N/A       45%         3
 Sigil of Binding         Hex            5%         N/A       45%         3
 Stone Arrow              Conj/Erth      10%        3d7       45%         3
 Summon Ice Beast         Ice/Summ       5%         N/A       45%         3
 Swiftness                Air            5%         N/A       45%         3
 Teleport Other           Tloc           5%         N/A       45%         3
 Tukima's Dance           Hex            5%         N/A       45%         3
 Vampiric Draining        Necr           5%         2d6       45%         3
 Volatile Blastmotes      Fire/Tloc      10%        2d10      45%         3
 Anguish                  Hex/Necr       2%         N/A       86%         4
 Animate Armour           Summ/Erth      10%        N/A       86%         4
 Brom's Barrelling Bould  Conj/Erth      5%         2d3       86%         4
 Cause Fear               Hex            2%         N/A       86%         4
 Dimensional Bullseye     Hex/Tloc       2%         N/A       86%         4
 Dispel Undead            Necr           5%         3d7       86%         4
 Fulminant Prism          Conj/Alch      2%         3d5       86%         4
 Ignite Poison            Fire/Alch      5%         N/A       86%         4
 Iskenderun's Mystic Bla  Conj/Tloc      5%         2d3       86%         4
 Leda's Liquefaction      Alch/Erth      2%         N/A       86%         4
 Manifold Assault         Tloc           5%         N/A       86%         4
 Martyr's Knell           Necr/Summ      5%         N/A       86%         4
 Olgreb's Toxic Radiance  Alch           5%         N/A       86%         4
 Petrify                  Alch/Erth      5%         N/A       86%         4
 Sticky Flame             Fire/Alch      5%         2d4       86%         4
 Summon Blazeheart Golem  Fire/Summ      5%         N/A       86%         4
 Vhi's Electric Charge    Tloc/Air       10%        N/A       86%         4
 Alistair's Intoxication  Alch           3%         N/A       99%         5
 Arcjolt                  Conj/Air       2%         1d12      99%         5
 Borgnjor's Vile Clutch   Necr/Erth      2%         N/A       99%         5
 Curse of Agony           Necr           5%         N/A       99%         5
 Freezing Cloud           Conj/Ice/Air   2%         6-21      99%         5
 Irradiate                Conj/Alch      2%         3d12      99%         5
 Iskenderun's Battlesphe  Conj           5%         2d6       99%         5
 Lee's Rapid Deconstruct  Erth           2%         3d5*      99%         5
 Metabolic Englaciation   Hex/Ice        2%         N/A       99%         5
 Summon Forest            Summ/Tloc      2%         N/A       99%         5
 Summon Mana Viper        Hex/Summ       5%         N/A       99%         5
 Yara's Violent Unravell  Hex/Alch       2%         3d3       99%         5
 Bombard                  Conj/Erth      2%         9d1       100%        6
 Conjure Ball Lightning   Conj/Air       2%         3x3d6     100%        6
 Death Channel            Necr           2%         N/A       100%        6
 Dispersal                Tloc           2%         N/A       100%        6
 Eringya's Noxious Bog    Alch           2%         4d6       100%        6
 Plasma Beam              Fire/Air       2%         2x1d12    100%        6
 Sculpt Simulacrum        Ice/Alch       2%         N/A       100%        6
 Starburst                Conj/Fire      2%         6d3       100%        6
 Enfeeble                 Hex            2%         N/A       100%        7
 Haunt                    Necr/Summ      2%         N/A       100%        7
 Malign Gateway           Summ/Tloc      2%         N/A       100%        7
 Monstrous Menagerie      Summ           2%         N/A       100%        7
 Orb of Destruction       Conj           2%         9d5       100%        7
 Spellforged Servitor     Conj/Summ      2%         N/A       100%        7
 Summon Hydra             Summ           2%         N/A       100%        7
 Borgnjor's Revivificati  Necr           2%         N/A       100%        8
 Discord                  Hex            2%         N/A       100%        8
 Disjunction              Tloc           2%         N/A       100%        8
 Ignition                 Fire           2%         3d3       100%        8
 Lehudib's Crystal Spear  Conj/Erth      2%         10d2      100%        8
 Maxwell's Capacitive Co  Air            2%         ∞         100%        8
 Summon Horrible Things   Summ           2%         N/A       100%        8
 Death's Door             Necr           2%         N/A       100%        9
 Animate Dead             Necr           Unusable   N/A       N/A         4

Inventory:

Hand Weapons
 d - a +9 heavy hand cannon (weapon) {Li}
 v - the +5 hand cannon of the Enfolding Gods (offhand) {antimagic, ^Drain Fly rPois rN+}
   (You acquired it on level 4 of the Dungeon)

   rPois:     It protects you from poison.
   rN+:       It protects you from negative energy.
   Fly:       It grants you flight.
   ^Drain:    It drains your maximum health when unequipped.
Missiles
 c - 2 throwing nets {=f}
Armour
 p - a +2 pair of boots of stealth (worn)
 A - a +2 cloak of willpower (worn)
 J - the +1 leather armour of the Thoughtful Friars (worn) {Str-3 Dex+8}
   (You found it on level 2 of the Snake Pit)

   Str-3:     It affects your strength (-3).
   Dex+8:     It affects your dexterity (+8).
 L - the +3 crown of Dyrovepreva (worn) {rElec Int+2 SInv}
   (You found it in a treasure trove)

   Int+2:     It affects your intelligence (+2).
   rElec:     It insulates you from electricity.
   SInv:      It lets you see invisible.
 O - a +2 pair of gloves of stealth (worn)
Gizmo
 U - a gyrobismuth booster (installed) {AutoDazzle, rF+ Will+}
   (You invented it yourself on level 4 of the Lair of Beasts)

   [gyrobismuth booster]

   AutoDazzle: It sometimes fires a blinding ray at enemies whose attacks you
   dodge.
   rF+:       It protects you from fire.
   Will+:     It increases your willpower.
Wands
 s - a wand of digging (10)
 t - a wand of flame (74)
 w - a wand of polymorph (21)
 y - a wand of mindburst (22)
 B - a wand of charming (44)
 E - a wand of roots (21)
 I - a wand of light (18)
Scrolls
 a - 4 scrolls of brand weapon
 b - 3 scrolls of butterflies
 e - 15 scrolls of fog
 g - a scroll of enchant armour
 h - 7 scrolls of revelation
 k - 9 scrolls of poison
 o - 13 scrolls of noise
 u - 19 scrolls of teleportation {@r2}
 D - 7 scrolls of fear
 N - 36 scrolls of identify {@r1}
 R - 6 scrolls of immolation
 T - 8 scrolls of vulnerability
 V - 2 scrolls of silence {!r}
Potions
 f - 12 potions of curing {@q1}
 i - 4 potions of resistance
 j - 5 potions of berserk rage {!q}
 l - 9 potions of magic
 m - 2 potions of haste {@q3}
 n - 2 potions of cancellation
 q - 7 potions of lignification
 r - 5 potions of ambrosia
 x - 7 potions of enlightenment
 z - 4 potions of heal wounds {@q2}
 C - 8 potions of brilliance
 G - 5 potions of attraction
 H - 10 potions of mutation
 Q - 5 potions of might
Miscellaneous
 K - a lightning rod (4/4)
 M - a condenser vane
 W - a phial of floods
 Y - a sack of spiders

Dungeon Overview and Level Annotations

Branches:
Dungeon (15/15)            Temple (0/1) D:4            Lair (5/5) D:8
 Shoals (4/4) Lair:2        Snake (4/4) Lair:2        Slime (0/5) Lair:5
    Orc (2/2) D:12            Elf (2/3) Orc:2        Vaults (5/5) D:13
  Crypt (0/3) Vaults:3     Depths (4/4) D:15            Zot (5/5) Depths:4
  Sewer (visited)           IceCv (visited)

Altars:
Cheibriados
Dithmenos
Elyvilon
Fedhas
Gozag
Hepliaklqana
Kikubaaqudgha
Makhleb
Okawaru
Qazlal
Ru
Sif Muna
Trog
Uskayaw
Vehumet
Xom
Yredelemnul
Zin
The Shining One
Beogh

Shops:
D:7 !   Orc:2 *((?*?[   Elf:1 [(   Shoals:4 [[([   Snake:4 [   Vaults:2 *
Vaults:4 :   Depths:2 =?

Portals:
Hell: Depths:1 Depths:2 Depths:3 Depths:4
Abyss: Depths:1 Depths:3
Pandemonium: Depths:1 Depths:2 Depths:4
Ziggurat: Depths:3

Annotations:
D:2 1 runed translucent door, Crazy Yiuf
D:7 exclusion: 2 doors
D:11 3 runed translucent doors
D:13 3 runed translucent doors
Shoals:2 2 transporters, Wano's ghost, adept FeSu
Elf:2 3 runed translucent doors
Zot:2 2 transporters, Boris
Zot:4 Tiamat
Zot:5 4 transporters

.####.~.#.#.###.~~~~.######......
.# #.~.#.#.#...~.........#.####.
.# #.~.#.#.#.~~~.#########.##...
.# #.~.#.#...~...........#.##.#.
.# #.~...#.~~~.~~~~~.###.#.##.#.
.# #.~~~.#.~...~...~...#.#......
## #.#.~.#.~.~~~.~.~~~.######...
#####.#.~...~.....~...~...#......
......#.~~~.~~~.@.~~~.~~~.#.####.
......#...~...~.....~...~.#.#....
......###.~~~.~.~~~.~.#.~.#.#.##.
#####.#.#...~...~...~.#.~~~.#.##.
#.#.###.~~~~~.~~~.#...~.#....
#.#......$....~...#.#.~.#....
#.#########.~~~.#.#.#.~.....# ##
#.#.........~...#.#.#.~...#..
.####.######.~~~~.###.#.#.~...###


There were no monsters in sight!


Message History

Press: ? - help, Shift-Dir - straight line A rock wall.
This square is covered in magical glow.
The rock shatters into small pieces.
Aiming: Dig
Press: ? - help, Shift-Dir - straight line A rock wall.
This square is covered in magical glow.
The rock shatters into small pieces.
A toenail golem comes into view.
A toenail golem is nearby!
A toenail golem is nearby!
A toenail golem is nearby!
Unknown command.
You shoot a bolt. The bolt hits the toenail golem!!!
The toenail golem is almost destroyed.
You shoot a bolt.
The bolt completely misses the toenail golem.
Unknown command.
You shoot a bolt.
The bolt barely misses the toenail golem.
You shoot a bolt. The bolt hits the toenail golem!
The toenail golem is almost destroyed.
Unknown command.
You shoot a bolt. The bolt hits the toenail golem.
You destroy the toenail golem!
You shoot a bolt.
Unknown command.
There is a staircase leading out of the dungeon here.
You have escaped!

Skill      XL: |  1  2  3  4  5  6  7  8  9 10 11 12 13 14 15 16 17 18 19 20 21 22 23 24 25 26 |
---------------+-------------------------------------------------------------------------------+-----
Ranged Weapons | 4 5 6 7 8 10 13 15 16 18 | 18.0
Fighting       | 8 9 16 18 19 22 24 26 27 | 27.0
Dodging        | 12 14 16 18 20 23 26 27 | 27.0
Evocations     | 5 8 10 12 13 14 | 14.0
Armour         | 5 9 12 14 | 14.0
Stealth        | 3 |  3.0
Spellcasting   | 4 8 |  8.0

Action                     |  1- 3 |  4- 6 |  7- 9 | 10-12 | 13-15 | 16-18 | 19-21 | 22-24 | 25-27 || total
---------------------------+-------+-------+-------+-------+-------+-------+-------+-------+-------++-------
  Melee: Sling             |       |       |       |       |       |     1 |       |       |       ||     1
         Hand cannon       |       |       |       |       |       |     1 |       |       |       ||     1
   Fire: Sling             |   126 |   164 |   296 |   487 |  1154 |  1250 |  1415 |   199 |       ||  5091
         Hand cannon       |       |       |   128 |   487 |  1154 |  1250 |  1415 |  1933 |   704 ||  7071
 Invoke: Potion Petition   |       |       |       |     2 |     3 |     3 |     1 |     1 |       ||    10
         Call Merchant     |       |       |       |       |       |     3 |     1 |       |       ||     4
         Bribe Branch      |       |       |       |       |       |       |       |       |     6 ||     6
Ability: Invent Gizmo      |       |       |       |       |     1 |       |       |       |       ||     1
  Evoke: Wand              |       |       |       |       |     3 |    10 |       |     5 |     4 ||    22
         Lightning rod     |       |       |       |       |     3 |       |       |       |       ||     3
         Condenser vane    |       |       |       |       |     1 |     1 |       |       |       ||     2
         Phial of floods   |       |       |       |       |       |       |       |     1 |       ||     1
         Sack of spiders   |       |       |       |       |       |       |       |     1 |       ||     1
    Use: Scroll            |     2 |     5 |     9 |    13 |     8 |    10 |     4 |    20 |     4 ||    75
         Potion            |       |       |       |     1 |     3 |     3 |     4 |     9 |       ||    20
 Armour: Leather armour    |     7 |    16 |    41 |   128 |   135 |   265 |   132 |   151 |    34 ||   909
  Dodge: Dodged            |     1 |    18 |    33 |    76 |   266 |   372 |   453 |   360 |   148 ||  1727

Levels and vault maps discovered:
D:1:      psy_arrival_radial02, layout_basic
D:2:      layout_basic, grunt_ministairs_1, uniq_crazy_yiuf_cottage
D:3:      layout_basic, bloody_trog, uniq_natasha, uniq_jessica
D:4:      layout_rooms, grunt_temple_overflow_lords_of_destruction,
          led_xom_imps, mainiacjoe_overflow_paths, minmay_temple_entry_mist,
          uniq_robin, uniq_duvessa, uniq_menkaure
D:5:      layout_basic, nicolae_gozag_seed_capital,
          hellmonk_sif_muna_bookshelves, cheibrodos_sewer_entry_sluice,
          minmay_pentangle
D:6:      layout_basic, general_overflow_altar, hangedman_ru_absence,
          uniq_edmund
D:7:      minmay_the_grid_octo_triangle [minmay_the_grid_octo_odd_swirl,
          minmay_the_grid_octo_prize_square_snowflake,
          minmay_the_grid_octo_checkerflower], layout_basic,
          mainiacjoe_overflow_cross_hatched, serial_shops,
          kennysheep_little_box, minivault_4
D:8:      layout_cave_pools, mainiacjoe_overflow_concentric_impassable,
          lair_entry_dummy, serial_bayou, serial_bayou_crossing,
          serial_bayou_pond_d, serial_bayou_pond_d, serial_bayou_pond_e,
          serial_bayou_ford_a, serial_bayou_shore_b
D:9:      layout_basic, nicolae_hepliaklqana_monster_ancestors,
          nicolae_qazlal_general_emergency, minmay_variable_closet,
          hangedman_decor_opposing, kb_lookout_dungeons_type
D:10:     layout_irregular_city, lemuel_zombie_altar_kikubaaqudgha
D:11:     layout_small_grid, ploomutoo_gammafunk_ghost_potion_laboratory,
          serial_bayou_lagoon_a
D:12:     layout_basic, david_orc_4, portal_ice_cave_entry_imps, uniq_erolcha
D:13:     kennysheep_treasure_stockpile, layout_small_grid,
          ximxim_vaults_locker_room
D:14:     layout_layer_cave, kb_rosetta
D:15:     hellmonk_depths_entry_around_the_bend, layout_irregular_city,
          hangedman_abyss_or_decor_jellyfish_corner, minmay_liquid_box,
          tso_altar, uniq_kirke
Lair:1:   layout_cave_shapes, basic_altar, grunt_megastairs_1,
          serial_bayou_shore_b, lemuel_fruit_fields, uniq_urug, uniq_erica
Lair:2:   layout_cave_pods, nicolae_shoals_entry_roost,
          guppyfry_snake_entry_garden, minmay_lindwurm_lava, grunt_megastairs_5
Lair:3:   layout_chaotic_city, beast_lair_carwin_6, uniq_amaemon, uniq_rupert
Lair:4:   layout_small_grid, grunt_forest_small_clearing_treed,
          infiniplex_staircase_pool
Lair:5:   minmay_lair_end_frog_pond, layout_gridlike, slime_entry_1,
          serial_bayou_lake_a
Shoals:1: layout_shoals, uniq_louise
Shoals:2: layout_shoals, gammafunk_ghost_arena
Shoals:3: cheibrodos_shoals_baths, layout_shoals, nicolae_shoals_cliffside_cave
Shoals:4: shoals_end_grunt_garden, layout_shoals, serial_shops, shop, shop,
          shop, nicolae_shop_real_fake_doors
Snake:1:  layout_grid_shapes
Snake:2:  layout_rooms, serial_bayou_shore_b, serial_bayou_shore_b
Snake:3:  layout_cave_town, nicolae_snake_mages_go_home
Snake:4:  grunt_snake_rune_pools, layout_cave_shapes, uniq_aizul
Orc:1:    layout_caves, okawaru_metal_pillars_1_2
Orc:2:    pubby_orc_utopia, uniq_snorg
Elf:1:    eino_elf_arrival_the_gate, layout_geoelf_grid,
          kennysheep_underground_church, st_stairs_13, onia_ninara_cookie,
          minmay_shoptagon
Elf:2:    nicolae_elf_blades_splatter_lattice
          [nicolae_blade_entry_floor_patterns], layout_geoelf_octagon
Vaults:1: v_misc_5, v_misc_18, minmay_orc_keep, ontoclasm_vaults_ring_square,
          special_room_vaults [special_room_orc], nicolae_vaults_three_branches,
          nicolae_vaults_turnstiles, layout_vaults_omnigrid, uniq_zenata,
          uniq_boris, uniq_asterion
Vaults:2: nicolae_vaults_network_quincunx
          [nicolae_vaults_network_quincunx_subvault,
          nicolae_vaults_network_quincunx_subvault,
          nicolae_vaults_network_quincunx_subvault,
          nicolae_vaults_network_quincunx_subvault,
          nicolae_vaults_network_quincunx_subvault],
          nicolae_vaults_tetromino_Z_1, ontoclasm_vaults_eye,
          nicolae_vaults_wine_cellar, nicolae_vaults_sightless_eye,
          nicolae_vaults_tetromino_T_2, nicolae_vaults_big_ls,
          nicolae_vaults_mini_display_case, layout_vaults_big_room,
          serial_shops, shop
Vaults:3: minmay_crypt_entry_necro_gods, nicolae_vaults_network_quinsquares
          [nicolae_vaults_network_quincunx_subvault,
          nicolae_vaults_network_quincunx_subvault,
          nicolae_vaults_network_quincunx_subvault,
          nicolae_vaults_network_quincunx_subvault], v_misc_15,
          nicolae_vaults_tetromino_L_2, dpeg_vaults_monster_box,
          nicolae_vaults_house_3, hangedman_vaults_snaps, serial_ice_g,
          nicolae_vaults_house_3, v_pattern_3, nicolae_vaults_double_plus_1,
          hangedman_vaults_hat, ontoclasm_vaults_shuriken,
          nicolae_vaults_surprise_closet, layout_vaults_maze_bifur
Vaults:4: nicolae_vaults_offset_grid_hallway_1, st_octagons_2,
          nicolae_vaults_closet_pinwheel_4, v_pattern_4,
          nicolae_vaults_trapezoid_2, ontoclasm_vaults_loading_screen,
          v_misc_28, nicolae_vaults_yaktaur_gun_rack, v_misc_9,
          nicolae_vaults_heart-shaped_vault, nicolae_vaults_cochlea,
          nicolae_vaults_trapezoid_lopsided_1, ontoclasm_vaults_pinch,
          nicolae_vaults_house_3, vaults_room_fancy_cross,
          nicolae_vaults_shelves_hall, layout_vaults_omnibox, serial_shops,
          shop, nicolae_trove_entry_free_sample, uniq_mennas, uniq_mara
Vaults:5: uniq_margery
Depths:1: layout_cave_pools, hell_entry, serial_sigils_hangedman_gut, pan_entry,
          abyss_entry, st_stairs_14, serial_sigils_hangedman_gut,
          chequers_serial_rivers_large_b, grunt_decor_resistance,
          grunt_tower_of_power
Depths:2: minmay_roctagon, layout_cave_pools, grunt_decor_mini_mirrors,
          hell_entry, rand_demon_pan_entry_5, serial_shops,
          nicolae_shop_hallway_plus, nicolae_inconvenience_store,
          grunt_ministairs_2, uniq_bai_suzhen
Depths:3: hourglass_vault, layout_honeycomb, enter_ziggurat_f, serial_shops,
          bzr_entry_customers, nicolae_elyvilon_temple_path,
          abyss_entry_small_statue_room, hell_entry,
          grunt_dithmenos_smoke_and_mirrors, infiniplex_staircase_pool_1
Depths:4: lemuel_castle_with_subvaults [lemuel_castle_interior_carwin_2],
          layout_cave_pools, pf_coc_iceberg, pan_entry
Zot:1:    layout_onion, regret_index_zotdec_silver_v_v_loose, drop_trap,
          uniq_josephina
Zot:2:    kennysheep_spiral_hall, layout_gridlike,
          regret_index_zotdec_obsidian_hm, nicolae_transporter_intersection
Zot:3:    layout_cellular_growth, grunt_megastairs_4, uniq_tiamat
Zot:4:    layout_misc_corridors, lemuel_lich_library
Zot:5:    layout_gridlike, hangedman_feature_mirror, nicolae_diode_quadrants

Notes
Turn   | Place    | Note
-------+----------+-------------------------------------------
     0 | D:1      | Drazool the Coglin Hunter began the quest for the Orb.
     0 | D:1      | Reached XP level 1. HP: 16/16 MP: 1/1
    87 | D:1      | Reached skill level 4 in Ranged Weapons
    87 | D:1      | Reached XP level 2. HP: 22/22 MP: 2/2
   607 | D:1      | Reached XP level 3. HP: 27/27 MP: 3/3
  1135 | D:2      | Found a runed translucent door.
  1136 | D:2      | Noticed Crazy Yiuf
  1716 | D:3      | Noticed Natasha
  1721 | D:3      | Killed Natasha
  1722 | D:3      | Reached skill level 5 in Ranged Weapons
  1722 | D:3      | Reached XP level 4. HP: 30/33 MP: 4/4
  1734 | D:3      | Identified a scroll of acquirement
  1735 | D:3      | Acquired 1098 gold pieces
  1944 | D:3      | Found a bloodstained altar of Trog.
  1949 | D:3      | Noticed Jessica
  1953 | D:3      | Killed Jessica
  2068 | D:3      | Noticed Natasha
  2072 | D:3      | Killed Natasha
  2073 | D:3      | Reached XP level 5. HP: 38/38 MP: 5/5
  2341 | D:3      | Noticed Natasha
  2346 | D:3      | Killed Natasha
  2689 | D:4      | Noticed Menkaure
  2738 | D:3      | Reached skill level 6 in Ranged Weapons
  2811 | D:4      | Reached XP level 6. HP: 41/44 MP: 6/6
  2946 | D:4      | Killed Menkaure
  2947 | D:4      | Reached skill level 7 in Ranged Weapons
  2953 | D:4      | Noticed Robin
  2973 | D:4      | Killed Robin
  3003 | D:4      | Reached XP level 7. HP: 39/50 MP: 7/7
  3064 | D:4      | Found a radiant altar of Vehumet.
  3064 | D:4      | Found a burning altar of Makhleb.
  3183 | D:4      | Reached skill level 8 in Ranged Weapons
  3272 | D:4      | Found a shimmering altar of Xom.
  3315 | D:4      | Found a hide-covered altar of Uskayaw.
  3448 | D:4      | Found a staircase to the Ecumenical Temple.
  3448 | D:4      | Noticed Dowan
  3450 | D:4      | Noticed Duvessa
  3859 | D:4      | Acquired the +5 hand cannon of the Enfolding Gods
                  | {antimagic, ^Drain Fly rPois rN+}
  3974 | D:4      | Killed Duvessa
  3975 | D:4      | Reached XP level 8. HP: 29/56 MP: 2/8
  3975 | D:4      | Killed Dowan
  3976 | D:4      | Reached skill level 9 in Ranged Weapons
  4281 | D:5      | Entered Level 5 of the Dungeon
  4378 | D:5      | Found a glowing drain.
  4392 | Sewer    | Entered a sewer
  4471 | Sewer    | Found a glowing silver altar of Zin.
  4545 | D:5      | Reached skill level 10 in Ranged Weapons
  4577 | D:5      | Found a shimmering blue altar of Sif Muna.
  4823 | D:5      | Found an opulent altar of Gozag.
  4846 | D:5      | Became a worshipper of Gozag Ym Sagoz the Greedy
  5112 | D:6      | Noticed Edmund
  5118 | D:6      | Killed Edmund
  5201 | D:6      | Reached XP level 9. HP: 61/61 MP: 3/9
  5223 | D:6      | Reached skill level 11 in Ranged Weapons
  5258 | D:6      | Found an iron altar of Okawaru.
  5331 | D:6      | Found a sacrificial altar of Ru.
  5456 | D:6      | Noticed a hornet
  5460 | D:6      | Killed a hornet
  5734 | D:7      | Reached skill level 12 in Ranged Weapons
  5810 | D:7      | Noticed a two-headed ogre
  5812 | D:7      | Noticed a manticore
  5815 | D:7      | Noticed a kobold demonologist
  5819 | D:7      | Killed a two-headed ogre
  5822 | D:7      | Reached skill level 13 in Ranged Weapons
  5824 | D:7      | Killed a manticore
  5825 | D:7      | Reached XP level 10. HP: 59/67 MP: 3/10
  5829 | D:7      | Killed a kobold demonologist
  5887 | D:7      | Killed an unseen horror
  6078 | D:7      | Found Weallukog's Distillery.
  6082 | D:7      | Reached skill level 14 in Ranged Weapons
  6086 | D:7      | Bought a potion of attraction for 36 gold pieces
  6086 | D:7      | Bought a potion of lignification for 36 gold pieces
  6086 | D:7      | Bought a potion of brilliance for 48 gold pieces
  6086 | D:7      | Bought a potion of mutation for 96 gold pieces
  6086 | D:7      | Bought a potion of berserk rage for 60 gold pieces
  6277 | D:7      | Identified the staff of Cocytus {+Blink rElec rF+ Will-
                  | Str-4 Fire Earth}
  6437 | D:7      | Identified a potion of resistance
  6581 | D:7      | Found a glowing silver altar of Zin.
  6739 | D:8      | Noticed a two-headed ogre
  7235 | D:8      | Killed a two-headed ogre
  7236 | D:8      | Reached skill level 15 in Ranged Weapons
  7236 | D:8      | Reached XP level 11. HP: 71/72 MP: 3/11
  7573 | D:8      | Found a snail-covered altar of Cheibriados.
  7662 | D:8      | Found a staircase to the Lair.
  7763 | D:9      | Found a stormy altar of Qazlal.
  8048 | D:9      | Noticed a two-headed ogre
  8053 | D:9      | Killed a two-headed ogre
  8196 | D:9      | Found a hazy altar of Hepliaklqana.
  8720 | D:9      | Noticed a two-headed ogre
  8726 | D:9      | Killed a two-headed ogre
  8727 | D:9      | Reached skill level 3 in Fighting
  8807 | D:10     | Entered Level 10 of the Dungeon
  8884 | D:10     | Reached skill level 4 in Fighting
  8966 | D:10     | Reached skill level 5 in Fighting
  9268 | D:10     | Noticed a two-headed ogre
  9273 | D:10     | Killed a two-headed ogre
  9274 | D:10     | Reached skill level 6 in Fighting
  9474 | D:10     | Found an ancient bone altar of Kikubaaqudgha.
  9927 | D:11     | Noticed a boulder beetle
  9935 | D:11     | Killed a boulder beetle
  9936 | D:11     | Reached skill level 7 in Fighting
 10311 | D:11     | Reached skill level 8 in Fighting
 10366 | D:11     | Reached XP level 12. HP: 94/94 MP: 4/12
 10637 | D:11     | Found a runed translucent gate.
 10638 | D:11     | Found a runed translucent gate.
 10638 | D:11     | Found a runed translucent gate.
 10883 | Lair:1   | Entered Level 1 of the Lair of Beasts
 10907 | Lair:1   | Reached skill level 9 in Fighting
 11090 | Lair:1   | Acquired a manual of Dodging
 11102 | Lair:1   | Reached skill level 2 in Dodging
 11118 | Lair:1   | Found a shimmering blue altar of Sif Muna.
 11147 | Lair:1   | Noticed Erica
 11155 | Lair:1   | Reached skill level 3 in Dodging
 11165 | Lair:1   | Killed Erica
 11166 | Lair:1   | Reached skill level 4 in Dodging
 11317 | Lair:1   | Reached skill level 5 in Dodging
 11330 | Lair:1   | Reached skill level 6 in Dodging
 11555 | Lair:1   | Reached skill level 7 in Dodging
 11800 | Lair:1   | Reached skill level 8 in Dodging
 11822 | Lair:1   | Reached skill level 9 in Dodging
 11971 | Lair:1   | Noticed Urug
 11978 | Lair:1   | Killed Urug
 11979 | Lair:1   | Reached skill level 10 in Dodging
 12264 | Lair:2   | Reached skill level 11 in Dodging
 12348 | Lair:2   | Found a staircase to the Snake Pit.
 12430 | Lair:2   | Noticed a death yak
 12559 | Lair:2   | Found a staircase to the Shoals.
 12587 | Lair:2   | Reached skill level 12 in Dodging
 12603 | Lair:2   | Noticed a death yak
 12610 | Lair:2   | Killed a death yak
 12611 | Lair:2   | Reached XP level 13. HP: 101/101 MP: 4/13
 12856 | Lair:2   | Reached skill level 13 in Dodging
 13406 | Lair:2   | Identified the storm talisman of Shielding {Slay+2}
 13805 | Lair:3   | Noticed Amaemon
 13816 | Lair:3   | Killed Amaemon
 13817 | Lair:3   | Reached skill level 14 in Dodging
 13903 | Lair:3   | Reached skill level 1 in Evocations
 13932 | Lair:3   | Reached skill level 2 in Evocations
 14119 | Lair:3   | Noticed Rupert
 14125 | Lair:3   | Paralysed by Rupert for 2 turns
 14134 | Lair:3   | Killed Rupert
 14135 | Lair:3   | Reached skill level 4 in Evocations
 14182 | Lair:3   | Reached skill level 5 in Evocations
 14186 | Lair:3   | Reached skill level 1 in Armour
 14979 | Lair:4   | Reached skill level 2 in Armour
 15139 | Lair:4   | Reached skill level 3 in Armour
 15156 | Lair:4   | Reached skill level 4 in Armour
 15549 | Lair:4   | Reached skill level 5 in Armour
 15549 | Lair:4   | Reached skill level 1 in Stealth
 15571 | Lair:4   | Reached skill level 2 in Stealth
 15576 | Lair:4   | Reached skill level 3 in Stealth
 15576 | Lair:4   | Reached XP level 14. HP: 108/108 MP: 4/14
 15576 | Lair:4   | Acquired a gyrobismuth booster {AutoDazzle, rF+ Will+}
 15602 | Lair:4   | Reached skill level 10 in Fighting
 15774 | Lair:4   | Reached skill level 11 in Fighting
 16120 | Lair:5   | Entered Level 5 of the Lair of Beasts
 16230 | Lair:5   | Reached skill level 12 in Fighting
 16321 | Lair:5   | Reached skill level 13 in Fighting
 16390 | Lair:5   | Found a staircase to the Slime Pits.
 16561 | Lair:5   | Reached skill level 14 in Fighting
 16699 | Lair:5   | Reached skill level 15 in Fighting
 16861 | Lair:5   | Reached skill level 6 in Evocations
 17037 | Lair:5   | Reached skill level 7 in Evocations
 17251 | Lair:5   | Reached skill level 8 in Evocations
 17324 | Lair:5   | Reached skill level 16 in Ranged Weapons
 18000 | D:12     | Reached skill level 16 in Fighting
 18015 | D:12     | Identified the +4 sling of Intimidation {flame, rC- Int+6}
 18060 | D:12     | Reached XP level 15. HP: 105/132 MP: 5/15
 18082 | D:12     | Found a frozen archway.
 18126 | IceCv    | Entered an ice cave
 18371 | IceCv    | Reached skill level 17 in Fighting
 18572 | IceCv    | Noticed a frost giant
 18593 | IceCv    | Killed a frost giant
 18718 | IceCv    | Identified the amulet "Okkaibby" {rPois RegenMP+ Stlth+}
 19482 | D:12     | Noticed Erolcha
 19487 | D:12     | Killed Erolcha
 19616 | D:12     | Found a staircase to the Orcish Mines.
 19677 | D:12     | Reached skill level 18 in Fighting
 19971 | Orc:1    | Entered Level 1 of the Orcish Mines
 20090 | Orc:2    | Entered Level 2 of the Orcish Mines
 20329 | Orc:2    | Reached skill level 6 in Armour
 20670 | Orc:2    | Found Ademaono's Magic Scroll Shop.
 20681 | Orc:2    | Found Xupac's Antique Armour Boutique.
 20709 | Orc:2    | Bought a runed helmet for 232 gold pieces
 20723 | Orc:2    | Bought a twisted scale mail for 279 gold pieces
 20723 | Orc:2    | Identified the +0 scale mail of Henotheism {Dex+4} (You
                  | bought it in a shop on level 2 of the Orcish Mines)
 20730 | Orc:2    | Found a roughly hewn altar of Beogh.
 20744 | Orc:2    | Reached skill level 7 in Armour
 21133 | Orc:2    | Noticed Snorg
 21139 | Orc:2    | Killed Snorg
 21241 | Orc:2    | Reached skill level 8 in Armour
 21367 | Orc:2    | Noticed an orc warlord
 21391 | Orc:2    | Killed an orc warlord
 21420 | Orc:2    | Found a roughly hewn altar of Beogh.
 21526 | Orc:2    | Found Uroakh's General Store.
 21541 | Orc:2    | Bought a scroll of blinking for 97 gold pieces
 21630 | Orc:2    | Found Yghishrun's Assorted Antiques.
 21667 | Orc:2    | Reached skill level 9 in Armour
 21674 | Orc:2    | Reached XP level 16. HP: 143/143 MP: 5/16
 21964 | Orc:2    | Found a staircase to the Elven Halls.
 22197 | Orc:2    | Bought a scroll of enchant weapon for 120 gold pieces
 22197 | Orc:2    | Bought a scroll of blinking for 120 gold pieces
 22277 | Orc:1    | Found an iron altar of Okawaru.
 22314 | Orc:1    | Reached skill level 10 in Armour
 23031 | D:13     | Noticed a tengu reaver
 23038 | D:13     | Found a runed translucent gate.
 23038 | D:13     | Found a runed translucent gate.
 23038 | D:13     | Found a runed translucent gate.
 23038 | D:13     | Found a runed translucent gate.
 23038 | D:13     | Noticed a storm dragon
 23039 | D:13     | Found a runed translucent gate.
 23039 | D:13     | Found a runed translucent gate.
 23255 | D:13     | Reached skill level 11 in Armour
 23518 | D:13     | Found a gate to the Vaults.
 24103 | D:13     | Killed a tengu reaver
 24104 | D:13     | Reached skill level 12 in Armour
 24162 | D:13     | Killed a storm dragon
 24409 | D:13     | Got the Secrets of Chemical Inhalation
 24410 | D:13     | Acquired the +0 hat "Oxte" {^Drain Fly rElec Dex+3}
 24425 | D:13     | Identified the +8 great sword "Kahoeg" {speed, *Noise rC+++
                  | Int+3 Stlth+}
 24576 | D:14     | Reached skill level 9 in Evocations
 24752 | D:14     | Reached skill level 10 in Evocations
 24864 | D:14     | Reached skill level 1 in Spellcasting
 25128 | D:14     | Reached skill level 2 in Spellcasting
 25618 | D:14     | Reached skill level 3 in Spellcasting
 25916 | D:15     | Entered Level 15 of the Dungeon
 26038 | D:15     | Noticed Kirke
 26047 | D:15     | Reached skill level 4 in Spellcasting
 26053 | D:15     | Killed Kirke
 26109 | D:15     | Found a glowing golden altar of the Shining One.
 26255 | D:15     | You are cast into the Abyss!
 26255 | Abyss:2  | Cast into level 2 of the Abyss (ogre mage)
 26267 | Abyss:2  | Reached XP level 17. HP: 140/149 MP: 7/23
 26268 | Abyss:2  | Reached skill level 11 in Evocations
 26426 | Abyss:2  | Reached skill level 12 in Evocations
 26474 | Abyss:2  | Found a corrupted altar of Lugonu.
 26727 | D:15     | You pass through the gate.
 26727 | D:15     | Escaped the Abyss
 27262 | D:15     | Reached skill level 15 in Dodging
 27427 | D:15     | Found a staircase to the Depths.
 27858 | Snake:1  | Entered Level 1 of the Snake Pit
 28843 | Snake:1  | Reached skill level 16 in Dodging
 29157 | Snake:1  | Identified the +1 ring mail of Aviyl {Harm rElec Str+3
                  | Slay-2}
 30182 | Snake:2  | Reached XP level 18. HP: 157/157 MP: 8/24
 30183 | Snake:2  | Reached skill level 17 in Ranged Weapons
 30200 | Snake:2  | Identified the +1 leather armour of the Thoughtful Friars
                  | {Str-3 Dex+8}
 30530 | Snake:3  | Identified the +4 scale mail "Peechehe" {rF+ rC+ Str-4}
 31399 | Snake:3  | Reached skill level 18 in Ranged Weapons
 31662 | Snake:4  | Entered Level 4 of the Snake Pit
 31679 | Snake:4  | Reached skill level 5 in Spellcasting
 31888 | Snake:4  | Identified the serpent talisman "Beheviko" {rF- rC++}
 31888 | Snake:4  | Noticed Aizul
 31902 | Snake:3  | Killed Aizul
 31903 | Snake:3  | Reached skill level 6 in Spellcasting
 32268 | Snake:4  | Reached skill level 7 in Spellcasting
 32454 | Snake:4  | Reached skill level 8 in Spellcasting
 32709 | Snake:4  | Reached skill level 13 in Evocations
 32903 | Snake:4  | Reached XP level 19. HP: 163/163 MP: 10/31
 33107 | Snake:4  | Reached skill level 14 in Evocations
 33189 | Snake:4  | Got a serpentine rune of Zot
 33565 | Elf:1    | Entered Level 1 of the Elven Halls
 34173 | Elf:1    | Reached skill level 17 in Dodging
 34652 | Elf:1    | Found Vudofez's Weapon Boutique.
 34652 | Elf:1    | Found Fumes's Antique Armour Shop.
 34852 | Elf:1    | Identified the +0 ring mail "Pehomuva" {Str+5 Dex+2}
 35272 | Elf:2    | Paralysed by an air elemental for 1 turns
 35296 | Elf:2    | Reached skill level 18 in Dodging
 35594 | Elf:2    | Found a runed translucent gate.
 35594 | Elf:2    | Found a runed translucent gate.
 35594 | Elf:2    | Found a runed translucent gate.
 36457 | Shoals:1 | Entered Level 1 of the Shoals
 36550 | Shoals:1 | Reached skill level 19 in Fighting
 36557 | Shoals:1 | Reached XP level 20. HP: 167/174 MP: 10/32
 36704 | Shoals:1 | Noticed Louise
 36711 | Shoals:1 | Killed Louise
 37560 | Shoals:2 | Noticed Wano's ghost (adept FeSu)
 37815 | Shoals:2 | Reached skill level 20 in Fighting
 37837 | Shoals:2 | Found a transporter.
 37843 | Shoals:2 | Found a transporter.
 39089 | Shoals:4 | Entered Level 4 of the Shoals
 39234 | Shoals:4 | Found Pithraraa's Antique Armour Shop.
 39239 | Shoals:4 | Found Xevinul's Armour Boutique.
 39366 | Shoals:4 | Got a barnacled rune of Zot
 39694 | Shoals:4 | Reached skill level 21 in Fighting
 39940 | Shoals:4 | Found Pirocot's Armour Shop.
 40056 | Shoals:4 | Identified the +10 plate armour of Yfucem {Harm Fly rElec
                  | Dex-4}
 40160 | Shoals:4 | Identified the +6 dagger of Fedaufy {antimagic, rC+ Int+5}
 40187 | Shoals:4 | Found Xas Mad's Weapon Boutique.
 40661 | Vaults:1 | Entered Level 1 of the Vaults
 41175 | Vaults:1 | Reached skill level 22 in Fighting
 41175 | Vaults:1 | Reached XP level 21. HP: 189/189 MP: 11/33
 41566 | Vaults:1 | Found a roughly hewn altar of Beogh.
 41716 | Vaults:1 | Noticed Zenata
 41727 | Vaults:1 | Killed Zenata
 42114 | Vaults:1 | Noticed Asterion
 42124 | Vaults:1 | Killed Asterion
 42293 | Vaults:1 | Identified the +3 robe of Precision Catastrophes {rElec
                  | Dex+4}
 42293 | Vaults:1 | Noticed Boris
 42308 | Vaults:1 | Killed Boris
 42532 | Vaults:2 | Reached skill level 23 in Fighting
 42982 | Vaults:2 | Identified the +4 robe "Rioxahian" {rElec rC+ Int+4}
 42982 | Vaults:2 | Noticed Boris
 42995 | Vaults:2 | Killed Boris
 43226 | Vaults:2 | Found Bompasch's General Store.
 43757 | Vaults:2 | Identified the +1 plate armour of Macaroni {rElec Int-5
                  | Dex+9}
 43950 | Vaults:2 | Reached skill level 24 in Fighting
 44637 | Vaults:3 | Reached XP level 22. HP: 204/204 MP: 11/34
 44768 | Vaults:3 | Found a staircase to the Crypt.
 44768 | Vaults:3 | Found an ancient bone altar of Kikubaaqudgha.
 44769 | Vaults:3 | Found a basalt altar of Yredelemnul.
 45198 | Vaults:3 | Reached skill level 25 in Fighting
 46180 | Vaults:4 | Noticed Mara
 46182 | Vaults:4 | Noticed Drazool's illusion
 46182 | Vaults:4 | Noticed Mennas
 46878 | Vaults:4 | Identified the +8 great sword "Worm" {protect, Int+6}
 47263 | Vaults:3 | Killed Mara
 47264 | Vaults:3 | Reached skill level 26 in Fighting
 47453 | Vaults:4 | Killed Mennas
 48077 | Vaults:4 | Found Rutiogu's Book Boutique.
 48084 | Vaults:4 | Found a portal to a secret trove of treasure.
 48424 | Orc:2    | Bought a scroll of teleportation for 69 gold pieces
 48424 | Orc:2    | Bought a scroll of teleportation for 69 gold pieces
 48424 | Orc:2    | Bought a potion of curing for 69 gold pieces
 48632 | D:7      | Bought a potion of curing for 36 gold pieces
 48632 | D:7      | Bought a potion of curing for 36 gold pieces
 48944 | Vaults:4 | You paid a toll of 19 potions of curing to enter a treasure
                  | trove
 48945 | Trove    | Entered a treasure trove
 48951 | Trove    | Identified the +0 cloak of Inquiry {rF+ Str+5}
 48958 | Trove    | Found the +3 crown of Dyrovepreva {rElec Int+2 SInv}
 49007 | Trove    | Identified the orb of the Land of Plenty {*channel, Int+2}
 49980 | Depths:1 | Entered Level 1 of the Depths
 50169 | Depths:1 | Found a one-way gate to the infinite horrors of the Abyss.
 50384 | Depths:1 | Reached XP level 23. HP: 214/215 MP: 11/35
 50396 | Depths:1 | Found a gateway to Hell.
 50467 | Depths:1 | Reached skill level 27 in Fighting
 51110 | Depths:1 | Found a one-way gate leading to the halls of Pandemonium.
 51356 | Depths:1 | Identified the +2 robe of Light {rElec rC+ rN+}
 51366 | Depths:1 | Found a radiant altar of Vehumet.
 51375 | Depths:1 | Identified the +2 robe "Bopsicemn" {rF+ Stlth+}
 51909 | Depths:2 | Noticed Bai Suzhen
 51912 | Depths:2 | Killed Bai Suzhen
 51913 | Depths:2 | Reached skill level 19 in Dodging
 52121 | Depths:2 | Found Amaunuq's Magic Scroll Shoppe.
 52126 | Depths:2 | Bought a scroll of butterflies for 76 gold pieces
 52126 | Depths:2 | Bought a scroll of fear for 76 gold pieces
 52126 | Depths:2 | Bought a scroll of teleportation for 57 gold pieces
 52126 | Depths:2 | Bought a scroll of teleportation for 57 gold pieces
 52126 | Depths:2 | Bought a scroll of revelation for 142 gold pieces
 52147 | Depths:2 | Found Ecveb's Jewellery Emporium.
 52184 | Depths:2 | Noticed a juggernaut
 52191 | Depths:2 | Killed a juggernaut
 53173 | Depths:3 | Found a shadowy altar of Dithmenos.
 53176 | Depths:3 | Upgraded the game from 0.32-a0-607-g64ea0e4219 to
                  | 0.32-a0-612-g1c984fe9d1
 53193 | Depths:3 | Identified the +3 robe "Put-Me-On" {Dex+3}
 53193 | Depths:3 | Noticed Boris
 53217 | Depths:3 | Killed Boris
 53220 | Depths:3 | Reached skill level 20 in Dodging
 53275 | Depths:3 | Found a one-way gateway to a ziggurat.
 53281 | Depths:3 | Found a flickering gateway to a bazaar.
 53290 | Bazaar   | Entered a bazaar
 53292 | Bazaar   | Found Kommufaph's Magic Scroll Boutique.
 53296 | Bazaar   | Bought a scroll of revelation for 67 gold pieces
 53296 | Bazaar   | Bought a scroll of blinking for 67 gold pieces
 53296 | Bazaar   | Bought a scroll of fear for 36 gold pieces
 53296 | Bazaar   | Found Jata's Weapon Boutique.
 53296 | Bazaar   | Found Iskenosh's Magic Scroll Boutique.
 53297 | Bazaar   | Found Zeete's Antique Armour Boutique.
 53430 | Depths:3 | Noticed a juggernaut
 53439 | Depths:3 | Killed a juggernaut
 54141 | Depths:3 | Found a white marble altar of Elyvilon.
 54402 | Depths:4 | Entered Level 4 of the Depths
 54408 | Depths:4 | Identified the +0 robe of Abstinence {rC- rN+++ Int-4
                  | Archmagi}
 54541 | Depths:4 | Reached XP level 24. HP: 227/227 MP: 11/35
 54559 | Depths:4 | Reached skill level 21 in Dodging
 55047 | Depths:4 | Reached skill level 22 in Dodging
 55237 | Depths:4 | Got the Cyclopedia of the Scorpion and the Summer
 55296 | Depths:4 | Found a gate to the Realm of Zot.
 56007 | Vaults:5 | Entered Level 5 of the Vaults
 56009 | Vaults:5 | Noticed Margery
 56080 | Vaults:5 | Got the Lessons on Fascination and Displacement
 56138 | Vaults:5 | Reached skill level 23 in Dodging
 56397 | Vaults:5 | Noticed an ancient lich
 56401 | Vaults:5 | Killed an ancient lich
 56427 | Vaults:5 | Identified the +6 halberd "Diusuofo" {freeze, *Slow +Blink
                  | Int+8 Stlth-}
 56465 | Vaults:5 | Reached XP level 25. HP: 224/234 MP: 11/35
 56480 | Vaults:5 | Killed Margery
 56662 | Vaults:5 | Identified the +9 great sword "Ukuy" {freeze, Stlth+}
 56672 | Vaults:5 | Reached skill level 24 in Dodging
 56813 | Vaults:5 | Identified the maw talisman of Keqepaq {rElec rPois SInv
                  | Stlth-}
 56854 | Vaults:5 | Got a silver rune of Zot
 56883 | Vaults:5 | Identified the ring "Bewuddam" {Int+6 Dex+5}
 57050 | Vaults:5 | Noticed an ancient lich
 57052 | Vaults:5 | Killed an ancient lich
 57188 | Vaults:5 | Identified the +7 war axe "Rareuv" {heavy, rElec rC+ Str-4
                  | SInv}
 57258 | Vaults:5 | Identified the +8 arbalest of the Moon {drain, rC+ Int+3}
 58004 | Zot:1    | Entered Level 1 of the Realm of Zot
 58069 | Zot:1    | Reached skill level 25 in Dodging
 58216 | Zot:1    | Identified the ring "Ocaenoz" {Ice Dex+5}
 58216 | Zot:1    | Identified the death talisman "Tutizyet" {rElec rF+ Will-
                  | Slay+5}
 58216 | Zot:1    | Noticed Josephina
 58221 | Zot:1    | Killed Josephina
 58748 | Zot:2    | Identified the +6 broad axe of Vamas {elec, rN+}
 58874 | Zot:2    | Noticed an electric golem
 58879 | Zot:2    | Killed an electric golem
 59230 | Zot:2    | Found a transporter.
 59251 | Zot:2    | Found a transporter.
 59506 | Zot:2    | Found a transporter.
 59523 | Zot:2    | Found a transporter.
 59738 | Zot:3    | Noticed a curse toe
 59867 | Zot:3    | Noticed a curse toe
 59872 | Zot:3    | Killed a curse toe
 59890 | Zot:3    | Found the +4 dragonskin cloak
 59890 | Zot:3    | Noticed Tiamat
 60595 | Zot:4    | Reached skill level 26 in Dodging
 60613 | Zot:4    | Reached XP level 26. HP: 234/242 MP: 11/35
 60880 | Zot:4    | Noticed an ancient lich
 61505 | Zot:5    | Entered Level 5 of the Realm of Zot
 61506 | Zot:5    | Found a sacrificial altar of Ru.
 61581 | Zot:5    | Found a transporter.
 61583 | Zot:5    | Found a transporter.
 61585 | Zot:5    | Found a transporter.
 61611 | Zot:5    | Found a transporter.
 61639 | Zot:5    | Noticed a curse toe
 61642 | Zot:5    | Killed a curse toe
 61819 | Zot:5    | Found a blossoming altar of Fedhas.
 61971 | Zot:5    | Noticed a dread lich
 61980 | Zot:5    | Noticed an orb of fire
 61983 | Zot:5    | Noticed a Killer Klown
 61985 | Zot:5    | Noticed an electric golem
 61986 | Zot:5    | Noticed a Killer Klown
 61987 | Zot:5    | Noticed a Killer Klown
 61987 | Zot:5    | Noticed a Killer Klown
 61990 | Zot:5    | Killed an electric golem
 61990 | Zot:5    | Noticed an ancient lich
 61991 | Zot:5    | Noticed a Killer Klown
 61996 | Zot:5    | Killed a Killer Klown
 61997 | Zot:5    | Killed a Killer Klown
 61998 | Zot:5    | Killed an ancient lich
 62004 | Zot:5    | Killed a dread lich
 62062 | Zot:5    | Noticed an orb of fire
 62063 | Zot:5    | Noticed a Killer Klown
 62064 | Zot:5    | Noticed an electric golem
 62066 | Zot:5    | Noticed a Killer Klown
 62068 | Zot:5    | Noticed an orb of fire
 62069 | Zot:5    | Noticed an orb of fire
 62071 | Zot:5    | Killed an electric golem
 62073 | Zot:5    | Killed a Killer Klown
 62074 | Zot:5    | Reached skill level 27 in Dodging
 62075 | Zot:5    | Noticed a dread lich
 62075 | Zot:5    | Killed a Killer Klown
 62078 | Zot:5    | Noticed an ancient lich
 62078 | Zot:5    | Killed a Killer Klown
 62079 | Zot:5    | Noticed a Killer Klown
 62079 | Zot:5    | Killed a dread lich
 62080 | Zot:5    | Noticed a dread lich
 62083 | Zot:5    | Killed an ancient lich
 62086 | Zot:5    | Killed a Killer Klown
 62095 | Zot:5    | Got the Orb of Zot
 62108 | Zot:5    | Reached skill level 13 in Armour
 62191 | Zot:5    | Identified the +2 robe of Contentment {+Inv rPois rC++
                  | Str-4}
 62191 | Zot:5    | Noticed Boris
 62193 | Zot:5    | Killed Hoofayd the pandemonium lord
 62324 | Zot:2    | Noticed Wustreoc the pandemonium lord
 62512 | D:13     | Gained mutation: You are clumsy. (Dex -2) [a cacodemon]
 62567 | D:9      | Reached skill level 14 in Armour
 62692 | D:2      | Noticed Deirham the pandemonium lord
 62728 | D:$      | Escaped with the Orb!

Vanquished Creatures
  4 ancient liches
  Mara (Vaults:3)
  Mennas (Vaults:4)
  2 juggernauts
  Boris (thrice) (Vaults:1 Vaults:2 Depths:3)
  Bai Suzhen (Depths:2)
  A Killer Klown (Zot:5)
  Margery (Vaults:5)
  A curse toe (Zot:3)
  6 golden dragons
  An electric golem (Zot:2)
  A Brimstone Fiend (Zot:1)
  A hellephant (Vaults:5)
  An iron giant (Depths:2)
  Zenata (Vaults:1)
  Rupert (Lair:3)
  10 tentacled monstrosities
  4 liches
  A walking earthen tome (Depths:2)
  2 titans (Vaults:5)
  8 quicksilver dragons
  Asterion (Vaults:1)
  2 death cobs
  2 walking crystal tomes (Depths:2)
  4 sphinxes
  Kirke (D:15)
  10 shadow dragons
  Aizul (Snake:3)
  8 storm dragons
  6 tengu reavers
  10 nagarajas
  10 fire giants
  5 draconian monks
  A deep elf sorcerer (Vaults:5)
  A draconian knight (Zot:2)
  11 frost giants
  A draconian shifter (Zot:2)
  17 vault wardens
  A ghost moth (Zot:3)
  Louise (Shoals:1)
  A cacodemon (D:13)
  2 iron dragons (Vaults:5)
  17 ironbound preservers
  2 draconian stormcallers
  5 orc warlords
  A reaper (Depths:2)
  6 draconian annihilators
  2 spriggan defenders
  5 formless jellyfish
  9 ironbound thunderhulks
  14 stone giants
  15 very ugly things
  8 black draconians (Depths:4)
  8 green draconians
  2 deep elf demonologists (Elf:1)
  4 deep elf death magi (Vaults:5)
  3 yellow draconians
  5 white draconians
  10 dire elephants
  4 deep elf annihilators
  3 war gargoyles
  3 purple draconians (Depths:4)
  2 red draconians
  6 spark wasps
  Snorg (Orc:2)
  A blizzard demon (Depths:2)
  5 merfolk impalers
  16 ettins
  2 green deaths
  5 merfolk javelineers
  14 yaktaur captains
  7 fire dragons
  An entropy weaver (Vaults:5)
  4 rakshasas
  2 peacekeepers
  7 great orbs of eyes
  3 deep elf high priests
  2 spriggan air magi
  7 hydras
  3 ice dragons
  37 vault guards
  6 ogre magi
  A salamander tyrant (Depths:4)
  Erica (Lair:1)
  Erolcha (D:12)
  10 centaur warriors
  4 merfolk avatars
  A catoblepas (D:13)
  5 satyrs
  10 ironbound frosthearts
  2 merfolk aquamancers
  16 two-headed ogres
  15 anacondas
  14 dancing weapons
  5 deep troll shamans
  6 tengu warriors
  3 alligator snapping turtles
  7 boulder beetles
  19 death yaks
  A vampire mage (Zot:4)
  7 deep troll earth magi
  2 occultists (Depths:1)
  8 shock serpents
  14 naga sharpshooters
  6 spriggan berserkers
  2 thrashing horrors (Abyss:2)
  Urug (Lair:1)
  12 naga warriors
  7 orc high priests
  5 hell knights (Vaults:5)
  A wretched star (Abyss:2)
  5 skysharks
  8 deep elf knights
  Amaemon (Lair:3)
  5 iron trolls
  A shadow wraith (Vaults:5)
  18 sea snakes
  4 salamander mystics
  2 sixfirhies (Depths:2)
  A golden dragon zombie (Vaults:5)
  3 skeletal warriors (D:12)
  48 deep trolls
  21 ironbound convokers
  4 flayed ghosts
  An orb spider (Abyss:2)
  15 mana vipers
  A swamp dragon (Depths:1)
  6 large abominations (Abyss:2)
  5 arcanists
  7 naga ritualists
  14 deep elf archers
  6 harpies
  3 glowing orange brains
  21 orc knights
  11 necromancers
  14 lindwurms
  31 deep elf zephyrmancers
  2 phantasmal warriors
  2 thermic dynamos (Elf:2)
  35 deep elf pyromancers
  A steelbarb worm (shapeshifter) (Vaults:5)
  24 fauns
  A human zombie (Vaults:3)
  13 moths of wrath
  A frost giant zombie (Depths:1)
  6 orc sorcerers
  A faun (shapeshifter) (Vaults:5)
  A salamander (shapeshifter) (Elf:1)
  4 starcursed masses (Abyss:2)
  A worldbinder (Abyss:2)
  16 salamanders
  11 cyclopes
  45 ugly things
  2 stone giant skeletons
  11 merfolk sirens
  A fire giant zombie (Depths:1)
  15 manticores
  A meliai (shapeshifter) (D:12)
  3 meliai
  A fire giant skeleton (Depths:1)
  38 black mambas
  A toenail golem (D:1)
  A water nymph (shapeshifter) (Vaults:3)
  An ice statue (IceCv)
  16 elephants
  8 water nymphs
  A dire elephant zombie (Abyss:2)
  6 kobold blastminers
  17 naga magi
  A torpor snail (shapeshifter) (Depths:1)
  7 guardian serpents
  3 orange demons
  20 vault sentinels
  A cane toad (shapeshifter) (D:13)
  A torpor snail (Lair:2)
  An unseen horror (D:7)
  A yaktaur zombie (Vaults:3)
  20 cane toads
  3 rime drakes
  An efreet (D:13)
  A storm dragon simulacrum (Zot:1)
  49 yaktaurs
  An ice devil (Abyss:2)
  8 komodo dragons
  4 tengu conjurers
  2 kobold demonologists
  A troll (shapeshifter) (Vaults:5)
  2 freezing wraiths
  5 trolls
  9 wind drakes
  A merfolk (shapeshifter) (Vaults:5)
  12 polar bears
  18 merfolk
  2 tyrant leeches (Lair:5)
  A hornet (D:6)
  2 ancient zymes (Abyss:2)
  24 dream sheep
  An elf zombie (Vaults:5)
  18 blink frogs
  A glass eye (Elf:1)
  4 raiju (Abyss:2)
  A draconian simulacrum (Zot:1)
  An ettin zombie (Depths:1)
  9 snapping turtles
  3 air elementals
  A frost giant simulacrum (Depths:1)
  48 yaks
  34 slime creatures
  A ynoxinul (Abyss:2)
  16 water elementals
  3 shadows
  A wyvern (Lair:4)
  3 wraiths
  7 humans (D:13)
  5 basilisks
  A fire elemental (Elf:1)
  A steam dragon (D:8)
  3 hogs (D:15)
  14 vampire mosquitoes
  4 wargs
  A red draconian simulacrum (Zot:1)
  Edmund (D:6)
  A neqoxec (D:9)
  41 nagas
  Menkaure (D:4)
  A glowing shapeshifter zombie (Vaults:5)
  A swamp worm (shapeshifter) (Vaults:5)
  4 acid dragons
  14 water moccasins
  Duvessa (D:4)
  59 orc warriors
  A sky beast (shapeshifter) (Vaults:5)
  A black bear (Lair:3)
  An ice beast (Vaults:3)
  A fire dragon simulacrum (Abyss:2)
  5 laughing skulls
  A small abomination (Abyss:2)
  A boggart (shapeshifter) (Elf:1)
  13 wolves
  15 centaurs
  10 ogres
  2 phantoms (D:7)
  5 kobold brigands
  2 weeping skulls (Abyss:2)
  20 bullfrogs
  A gnoll sergeant (D:11)
  2 earth elementals
  8 scorpions
  2 human skeletons (Vaults:3)
  A burial acolyte (D:10)
  Dowan (D:4)
  3 killer bees (D:10)
  A bombardier beetle (D:4)
  5 howler monkeys
  10 electric eels
  4 crimson imps (D:4)
  2 quasits (Abyss:2)
  33 orc priests
  6 hounds
  4 sleepcaps
  3 jellies
  4 gnoll boudas
  5 iguanas
  Jessica (D:3)
  Natasha (thrice) (D:3)
  23 orc wizards
  Robin (D:4)
  22 gnolls
  12 adders
  A river rat (D:5)
  14 white imps
  4 ufetubi (Abyss:2)
  2 adder zombies (D:10)
  3 ribbon worms
  2 dart slugs
  98 orcs
  5 ball pythons
  4 bats
  9 endoplasms
  A giant cockroach (D:1)
  12 goblins
  7 hobgoblins
  A jackal (Sewer)
  21 kobolds
  5 quokkas
  2 frilled lizards
  2 jackal zombies (D:10)
  7 rats
  A spectral hobgoblin (D:9)
2076 creatures vanquished.

Vanquished Creatures (collateral kills)
  2 dread liches (Zot:5)
  A pandemonium lord (Zot:5)
  Josephina (Zot:1)
  5 Killer Klowns (Zot:5)
  A curse toe (Zot:5)
  3 golden dragons
  A profane servitor (Zot:5)
  2 electric golems (Zot:5)
  A tentacled monstrosity (Zot:4)
  19 Orb Guardians (Zot:5)
  A quicksilver dragon (Zot:5)
  A protean progenitor (Zot:5)
  5 storm dragons
  A shadow dragon (Zot:3)
  A draconian monk (Zot:3)
  A draconian knight (Zot:5)
  A ghost moth (Zot:3)
  A draconian stormcaller (Zot:3)
  2 white draconians (Zot:3)
  2 yellow draconians (Zot:3)
  A black draconian (Zot:3)
  2 red draconians (Zot:3)
  3 purple draconians (Zot:3)
  A sun demon (Zot:5)
  A cherub (Zot:5)
  A necromancer (Zot:4)
  3 moths of wrath (Zot:5)
  2 small abominations (Zot:5)
  3 laughing skulls (Zot:4)
  3 spectral weapons (Zot:5)
72 creatures vanquished.

Vanquished Creatures (others)
  An orb of fire (Zot:5)
  A Killer Klown (Zot:5)
  A curse toe (Zot:3)
  3 tentacled monstrosities
  3 Orb Guardians (Zot:5)
  2 liches (Zot:5)
  3 death cobs
  A storm dragon (Zot:3)
  A protean progenitor (Zot:5)
  2 draconian knights
  3 draconian annihilators
  4 green draconians
  2 black draconians (Zot:5)
  A red draconian (Zot:5)
  A yellow draconian (Zot:5)
  2 purple draconians (Zot:3)
  A white draconian (Zot:5)
  A vault guard (Vaults:3)
  2 alligators (Zot:5)
  A death yak (IceCv)
  A vampire mage (Zot:4)
  3 necromancers
  2 moths of wrath
  A black mamba (Snake:1)
  A storm dragon simulacrum (Zot:1)
  A yaktaur (Vaults:1)
  4 humans
49 creatures vanquished.

Grand Total: 2197 creatures vanquished

Table legend: (Time is in decaauts)
 A = Elapsed time spent in this place.
 B = Non-inter-level travel time spent in this place.
 C = Inter-level travel time spent in this place.
 D = Time resting spent in this place.
 E = Time spent auto-exploring this place.
 F = Levels seen in this place.
 G = Mean time per level.
                   A        B        C        D        E       F      G
               +--------+--------+--------+--------+--------+-----+--------+
         Total |  62687 |  56716 |   5971 |   5500 |  39007 |  51 | 1229.2 |
       Dungeon |  17984 |  15428 |   2556 |   1196 |  11496 |  15 | 1198.9 |
          Lair |   7850 |   7381 |    469 |   1490 |   4522 |   5 | 1570.0 |
        Shoals |   3974 |   3720 |    254 |    272 |   2619 |   4 |  993.5 |
     Snake Pit |   4703 |   4449 |    254 |    515 |   2928 |   4 | 1175.8 |
  Orcish Mines |   2837 |   2520 |    317 |    110 |   1789 |   2 | 1418.5 |
   Elven Halls |   2627 |   2451 |    176 |    147 |   1810 |   2 | 1313.5 |
        Vaults |  10669 |   9551 |   1118 |   1019 |   6080 |   5 | 2133.8 |
        Depths |   5629 |   5117 |    512 |    393 |   3343 |   4 | 1407.2 |
           Zot |   4396 |   4084 |    312 |    263 |   3150 |   5 |  879.2 |
         Abyss |    463 |    463 |      0 |      0 |    325 |   1 |  463.0 |
        Bazaar |     31 |     31 |      0 |      0 |     25 |   1 |   31.0 |
         Trove |    142 |    142 |      0 |      0 |     28 |   1 |  142.0 |
         Sewer |    121 |    121 |      0 |      0 |     61 |   1 |  121.0 |
      Ice Cave |   1254 |   1254 |      0 |     92 |    830 |   1 | 1254.0 |
               +--------+--------+--------+--------+--------+-----+--------+

Top non-repeatable levels by time:
Vaults:3: 2677 daAuts
  Lair:2: 2354 daAuts
    D:13: 2288 daAuts
Vaults:4: 2238 daAuts
   Orc:2: 2180 daAuts
Vaults:1: 2060 daAuts
Vaults:2: 1901 daAuts
Vaults:5: 1791 daAuts
    D:14: 1726 daAuts
 Snake:3: 1685 daAuts
   Elf:1: 1678 daAuts
Depths:2: 1538 daAuts
  Lair:5: 1499 daAuts
Depths:4: 1479 daAuts
  Lair:4: 1472 daAuts

Table legend:
 A = Non-vault XP
 B = Vault XP
 C = Vault XP percentage of total XP
 D = Non-vault monster count
 E = Vault monster count
 F = Vault count percentage of total count
                 A         B        C        D         E       F
            +---------+---------+-------+---------+---------+-------
      Total |  627393 |  575942 |  47.9 |    1212 |     917 |  43.1
            +---------+---------+-------+---------+---------+-------
        D:1 |      46 |       0 |   0.0 |      19 |       0 |   0.0
        D:2 |      17 |       3 |  15.0 |       8 |       2 |  20.0
        D:3 |     165 |      72 |  30.4 |       9 |       2 |  18.2
        D:4 |     412 |     612 |  59.8 |      25 |      20 |  44.4
        D:5 |     681 |      58 |   7.8 |      18 |       4 |  18.2
        D:6 |     998 |     173 |  14.8 |      14 |       1 |   6.7
        D:7 |     878 |    3654 |  80.6 |      21 |      17 |  44.7
        D:8 |    1880 |       0 |   0.0 |      20 |       0 |   0.0
        D:9 |    2605 |     115 |   4.2 |      23 |       3 |  11.5
       D:10 |    3000 |      88 |   2.8 |      18 |       5 |  21.7
       D:11 |    2983 |       0 |   0.0 |      16 |       0 |   0.0
       D:12 |    7589 |    1672 |  18.1 |      27 |      29 |  51.8
       D:13 |    4495 |   19456 |  81.2 |      19 |      32 |  62.7
       D:14 |   11902 |    2909 |  19.6 |      33 |       4 |  10.8
       D:15 |   13793 |    6247 |  31.2 |      22 |      10 |  31.2
     Lair:1 |    6385 |    2153 |  25.2 |      21 |       4 |  16.0
     Lair:2 |   12511 |    4982 |  28.5 |      28 |      11 |  28.2
     Lair:3 |    1297 |    4106 |  76.0 |       6 |      10 |  62.5
     Lair:4 |   12203 |     858 |   6.6 |      26 |       2 |   7.1
     Lair:5 |   15904 |    8947 |  36.0 |      48 |      30 |  38.5
   Shoals:1 |    9174 |    1189 |  11.5 |      19 |       1 |   5.0
   Shoals:2 |   22492 |       0 |   0.0 |      46 |       0 |   0.0
   Shoals:3 |    8221 |    2618 |  24.2 |      19 |       7 |  26.9
   Shoals:4 |   11502 |   19508 |  62.9 |      27 |      34 |  55.7
    Snake:1 |   23799 |       0 |   0.0 |      46 |       0 |   0.0
    Snake:2 |   11103 |       0 |   0.0 |      20 |       0 |   0.0
    Snake:3 |   19805 |    8836 |  30.9 |      34 |      16 |  32.0
    Snake:4 |   21347 |   26464 |  55.4 |      39 |      39 |  50.0
      Orc:1 |    3060 |      31 |   1.0 |      19 |      11 |  36.7
      Orc:2 |       0 |   25075 | 100.0 |       0 |     147 | 100.0
      Elf:1 |   22167 |   19238 |  46.5 |      36 |      31 |  46.3
      Elf:2 |   28342 |    1662 |   5.5 |      45 |       2 |   4.3
   Vaults:1 |   29843 |   31257 |  51.2 |      39 |      56 |  58.9
   Vaults:2 |   27097 |   15734 |  36.7 |      37 |      22 |  37.3
   Vaults:3 |   35772 |   34722 |  49.3 |      54 |      38 |  41.3
   Vaults:4 |   16003 |   27654 |  63.3 |      27 |      30 |  52.6
   Vaults:5 |   28498 |  102465 |  78.2 |      44 |      93 |  67.9
   Depths:1 |   38041 |    7022 |  15.6 |      53 |       8 |  13.1
   Depths:2 |   23222 |   21568 |  48.2 |      31 |      15 |  32.6
   Depths:3 |   30649 |   12196 |  28.5 |      30 |      11 |  26.8
   Depths:4 |   27145 |   62225 |  69.6 |      30 |      50 |  62.5
      Zot:1 |    5946 |    4209 |  41.4 |       5 |       4 |  44.4
      Zot:2 |   16583 |    5477 |  24.8 |      16 |       5 |  23.8
      Zot:3 |   21635 |    9003 |  29.4 |      17 |      12 |  41.4
      Zot:4 |   16962 |    7735 |  31.3 |      10 |      16 |  61.5
      Zot:5 |   15033 |   58968 |  79.7 |      12 |      25 |  67.6
    Abyss:2 |   14208 |       0 |   0.0 |      36 |       0 |   0.0
      Sewer |       0 |     112 | 100.0 |       0 |      10 | 100.0
      IceCv |       0 |   14869 | 100.0 |       0 |      48 | 100.0
            +---------+---------+-------+---------+---------+-------
